 Dungeon Crawl Stone Soup version 0.28-a0-1396-gdcb3f3653b (webtiles) character file.

Game seed: 9896792621207706129

4 Gladio the Caller (level 1, 0/7 HPs)
             Began as a Felid Summoner on Jan 5, 2022.
             Hit by a stone thrown by a goblin (1 damage)
             ... on level 1 of the Dungeon.
             The game lasted 00:03:39 (311 turns).

Gladio the Caller (Felid Summoner)                   Turns: 311, Time: 00:03:40

Health: 0/7        AC:  1    Str:  4    XL:     1   Next: 50%
Magic:  3/4        EV: 17    Int: 16    God:
Gold:   19         SH:  0    Dex: 16    Spells: 3/4 levels left
                                        Lives:  0   Deaths: 0

rFire   . . .      SeeInvis +   (weapon unavailable)
rCold   . . .      Faith    .   (shield unavailable)
rNeg    . . .      Spirit   .   (armour unavailable)
rPois   .          Reflect  .   (helmet unavailable)
rElec   .          Harm     .   (cloak unavailable)
rCorr   .          Rampage  .   (gloves unavailable)
Will    .....                   (boots unavailable)
Stlth   ++........              (no amulet)
HPRegen 0.02/turn               (no ring)
MPRegen 0.09/turn               (no ring)

@: quick
A: very small, claws 1, fangs 3, see invisible, speed 1, shaggy fur 1, stealthy
paws, no weapons or thrown items, no armour, multi-lived
a: no special abilities


You were on level 1 of the Dungeon.
You visited 1 branch of the dungeon, and saw 1 of its levels.

You collected 19 gold pieces.

You aren't carrying anything.


   Skills:
 + Level 2.7 Dodging
 + Level 2.7 Stealth
 + Level 2.0 Spellcasting
 + Level 4.1 Summonings


You had 3 spell levels left.
You knew the following spells:

 Your Spells              Type           Power      Damage    Failure   Level
a - Summon Small Mammal   Summ           56%        N/A       3%          1

Your spell library contained the following spells:

 Spells                   Type           Power      Damage    Failure   Level
 Call Imp                 Summ           14%        N/A       5%          2
 Call Canine Familiar     Summ           14%        N/A       11%         3
 Summon Guardian Golem    Hex/Summ       8%         N/A       26%         3
 Summon Lightning Spire   Summ/Air       8%         N/A       65%         4


Dungeon Overview and Level Annotations

Branches:
Dungeon (1/15)

Altars:


Innate Abilities, Weirdness & Mutations

You have sharp claws.
You have razor-sharp teeth.
You have supernaturally acute eyesight. (SInv)
You cover ground quickly. (Speed+)
You are covered in fur. (AC +1)
Your paws help you pounce on unaware monsters.
You are incapable of wielding weapons or throwing items.
You cannot wear armour.
You gain extra lives every three experience levels.


Message History

* * * LOW HITPOINT WARNING * * *
Casting: Summon Small Mammal (safe; 3% risk of failure)
Confirm with . or Enter, or press ? or * to list all spells.
Casting: Summon Small Mammal (safe; 3% risk of failure)
Confirm with . or Enter, or press ? or * to list all spells.
The goblin closely misses your quokka.
Your quokka bites the goblin.
The goblin hits your quokka with a +0 dagger.
Your quokka barely misses the goblin.
The goblin misses your quokka.
Your quokka bites the goblin.
The goblin dies!
Something hits your quokka but does no damage.
Casting: Summon Small Mammal (safe; 3% risk of failure)
Confirm with . or Enter, or press ? or * to list all spells.
Your rat disappears in a puff of smoke!
A ball python comes into view.
Something closely misses your quokka.
Your rat bites the endoplasm.
The ball python hisses angrily.
Your rat bites the endoplasm.
The ball python misses your rat.
The ball python closely misses your rat.
The kobold throws a stone.
The stone closely misses you. The ball python bites your rat.
The ball python closely misses your rat.
Your rat closely misses the ball python.
A goblin comes into view. It is wielding a +0 dagger.
The goblin shouts!
The goblin throws a stone.
The stone closely misses you. The ball python bites your rat.
Your rat dies!
Your rat's corpse disappears in a puff of smoke!
The goblin throws a stone.
The stone barely misses you. The ball python bites your quokka.
The ball python completely misses your quokka.
The goblin throws a stone.
The stone closely misses you.
The stone hits the endoplasm.
Your quokka barely misses the kobold.
Something misses your quokka. Something grabs your quokka.
Your quokka is constricted.
The goblin throws a stone.
The stone hits you.
You die...

..... ....##########
##.........## ##....K#g....##
##.....###.....##
##.....#####gJ...## #.##
##.....#.....#.....## ...#
##.....###...###J....##...#
..##.....#####@#####.....#...#
#.#.....#...........#........#
#......###....<....###......### .
#.....#####.......#####K....... .
#....#.....#)....#.....#r....##
.##...###...###...###...###S.....
.....#####.#####.#####.#####§.!.#
..................K.......r.....#
......†.........................#


You could see an endoplasm and a goblin.

Vanquished Creatures (collateral kills)
  A giant cockroach (D:1)
  A goblin (D:1)
  A quokka (D:1)
3 creatures vanquished.

Notes
Turn   | Place    | Note
-------+----------+-------------------------------------------
     0 | D:1      | Gladio the Felid Summoner began the quest for the Orb.
     0 | D:1      | Reached XP level 1. HP: 7/7 MP: 4/4
   311 | D:1      | Hit by a stone thrown by a goblin

Illustrated notes

Levels and vault maps discovered:
D:1:      onia_arrival_pyramid, layout_basic

Action                   || total
-------------------------++-------
Melee: Unarmed           ||     7
       Bite              ||     1
 Cast: Summon Small Mamm ||     9
  Use: Scroll            ||     1
Dodge: Dodged            ||    15

Table legend: (Time is in decaauts)
 A = Elapsed time spent in this place.
 B = Non-inter-level travel time spent in this place.
 C = Inter-level travel time spent in this place.
 D = Time resting spent in this place.
 E = Time spent auto-exploring this place.
 F = Levels seen in this place.
 G = Mean time per level.
                   A        B        C        D        E       F      G
               +--------+--------+--------+--------+--------+-----+--------+
         Total |    287 |    287 |      0 |      0 |    183 |   1 |  287.0 |
       Dungeon |    287 |    287 |      0 |      0 |    183 |   1 |  287.0 |
               +--------+--------+--------+--------+--------+-----+--------+

Top non-repeatable levels by time:
     D:1: 287 daAuts
